 Dungeon Crawl Stone Soup version 0.30.0-29-ga12c61a403 (webtiles) character file.

Game seed: 2260871687810965081

608934 DildoBatman the Petrodigitator (level 27, -29/197 HPs)
             Began as a Formicid Conjurer on June 3, 2023.
             Was an Initiate of Gozag.
             Killed from afar by a Hell Sentinel (30 damage)
             ... with damnation
             ... on level 14 of a ziggurat on June 5, 2023.
             The game lasted 04:05:04 (53634 turns).

DildoBatman the Petrodigitator (Formicid Conjurer) Turns: 53634, Time: 04:05:05

Health: -29/197    AC: 29    Str: 17    XL:     27
Magic:  3/43       EV: 16    Int: 33    God:    Gozag
Gold:   14393      SH: 21    Dex: 23    Spells: 15/58 levels left

rFire   + + .        b - +16 lance "Wyrmbane" {slay drac, rPois rF+ rC+ AC+3}
rCold   + + +        I - +0 tower shield
rNeg    + + +        O - +7 ring mail of the Good {+Inv Regen+ Str+4 Dex+3}
rPois   ∞            (helmet unavailable)
rElec   +            o - +2 cloak {Stlth+}
rCorr   +            Q - +1 pair of gloves {infuse}
SInv    +            M - +2 pair of boots of Brilliance {rElec rPois rCorr Stlth-}
Will    ++++.        m - amulet "Neupluane" {RegenMP rPois Will+}
Stlth   ++++         A - ring "Nujeof" {rC+ Dex+8}
HPRegen 1.32/turn    d - ring "Sesoidie" {Wiz Int+2}
MPRegen 0.68/turn

%: wizardry (x1), infuse magic (1 MP)
@: mighty, lich-form, corroded, gold aura, studying 3 skills, invisible
A: draining attack, torment immunity, no potions, permanent stasis, dig shafts
and tunnels, antennae 3, four strong arms, fire resistance 1, MP-powered wands
}: 4/15 runes: decaying, serpentine, silver, golden
a: Dig, Shaft Self, End Transformation, Renounce Religion, Evoke Invisibility,
Potion Petition, Call Merchant, Bribe Branch


You were on level 14 of a ziggurat.
You worshipped Gozag.
Gozag was extremely pleased with you.
You were an undead lich.
You visited 10 branches of the dungeon, and saw 45 of its levels.
You visited 1 ziggurat, and saw 14 of its levels.
You also visited: Ossuary, Gauntlet and Wizlab.

You collected 29738 gold pieces.
You spent 6424 gold pieces at shops.
You paid 8921 gold pieces to Gozag.

Inventory:

Hand Weapons
 a - the +6 Majin-Bo {spellvamp, MP+6 Int+6}
   (You acquired it on level 1 of the Tomb of the Ancients)

   Int:       It affects your intelligence (+6).
   MP:        It affects your magic capacity (+6).
 b - the +16 lance "Wyrmbane" (weapon) {slay drac, rPois rF+ rC+ AC+3}
   (You found it on level 3 of the Elven Halls)

   AC:        It affects your AC (+3).
   rF:        It protects you from fire.
   rC:        It protects you from cold.
   rPois:     It protects you from poison.
Missiles
 t - 6 silver javelins
 S - 2 throwing nets
Armour
 o - a +2 cloak of stealth (worn)
 I - a +0 tower shield (worn)
 M - the +2 pair of boots of Brilliance (worn) {rElec rPois rCorr Stlth-}
   (You found it on level 3 of the Tomb of the Ancients)

   rElec:     It insulates you from electricity.
   rPois:     It protects you from poison.
   rCorr:     It protects you from acid and corrosion.
   Stlth:     It makes you less stealthy.
 O - the +7 ring mail of the Good (worn) {+Inv Regen+ Str+4 Dex+3}
   (You found it on level 6 of the Dungeon)

   Str:       It affects your strength (+4).
   Dex:       It affects your dexterity (+3).
   +Inv:      It lets you turn invisible.
   Regen:     It increases your rate of health regeneration.
 Q - a +1 pair of gloves of infusion (worn)
Magical Staves
 e - the staff of earth "Sobrizenn" {rC++ Int+3 Stlth+}
   (You found it on level 8 of a ziggurat)

   [staff of earth]

   Base accuracy: +5 Base damage: 5 Base attack delay: 1.2 This weapon's minimum
   attack delay (0.6) is reached at skill level 12.
   Int:       It affects your intelligence (+3).
   rC:        It greatly protects you from cold.
   Stlth:     It makes you more stealthy.
   It falls into the 'Staves' category.
   It is a weapon for one hand-pair.
 B - the staff of air "Mataitoi" {rElec Str+2 Dex+8}
   (You found it on level 3 of the Elven Halls)

   [staff of air]

   Base accuracy: +5 Base damage: 5 Base attack delay: 1.2 This weapon's minimum
   attack delay (0.6) is reached at skill level 12.
   Str:       It affects your strength (+2).
   Dex:       It affects your dexterity (+8).
   rElec:     It insulates you from electricity.
   It falls into the 'Staves' category.
   It is a weapon for one hand-pair.
Jewellery
 c - the amulet "Vaomm" {Spirit rPois Str+4}
   (You found it on level 12 of a ziggurat)

   [amulet of guardian spirit]

   It causes incoming damage to be divided between your reserves of health and
   magic.
   Str:       It affects your strength (+4).
   rPois:     It protects you from poison.
 d - the ring "Sesoidie" (right hand) {Wiz Int+2}
   (You found it on level 3 of the Dungeon)

   [ring of wizardry]

   It improves your spell success rate.
   Int:       It affects your intelligence (+2).
 f - the ring "Gob Wyesm" {rCorr AC+4}
   (You found it on level 6 of a ziggurat)

   [ring of protection]

   AC:        It affects your AC (+4).
   rCorr:     It protects you from acid and corrosion.
 g - the ring of Uskayaw's Supremacy {rF+ MP+9 Int+2}
   (You found it on level 12 of a ziggurat)

   [ring of magical power]

   Int:       It affects your intelligence (+2).
   rF:        It protects you from fire.
   MP:        It affects your magic capacity (+9).
 i - a ring of wizardry
 l - the ring "Xaxt" {rF++ Int+4 SInv}
   (You found it on level 9 of a ziggurat)

   [ring of see invisible]

   Int:       It affects your intelligence (+4).
   rF:        It greatly protects you from fire.
   SInv:      It lets you see invisible.
 m - the amulet "Neupluane" (around neck) {RegenMP rPois Will+}
   (You found it on level 1 of the Elven Halls)

   [amulet of magic regeneration]

   It increases your rate of magic regeneration.
   rPois:     It protects you from poison.
   Will:      It increases your willpower.
 A - the ring "Nujeof" (left hand) {rC+ Dex+8}
   (You found it in a Gauntlet)

   [ring of protection from cold]

   Dex:       It affects your dexterity (+8).
   rC:        It protects you from cold.
Wands
 V - a wand of iceblast (61)
 Y - a wand of acid (40)
Scrolls
 j - 9 scrolls of torment
 q - 15 scrolls of poison
 u - 15 scrolls of fog
 y - 7 scrolls of amnesia
 z - 35 scrolls of identify
 C - 2 scrolls of magic mapping
 J - 8 scrolls of immolation
 P - 7 scrolls of fear
 X - 5 scrolls of butterflies
 Z - 9 scrolls of enchant armour
Potions
 h - 5 potions of mutation
 n - 3 potions of resistance
 p - 20 potions of heal wounds
 r - 8 potions of flight
 s - 28 potions of curing
 w - 12 potions of cancellation
 E - 12 potions of ambrosia
 G - 14 potions of magic
 K - a potion of experience
 N - 5 potions of invisibility
 R - 16 potions of brilliance
 U - 9 potions of might
Miscellaneous
 v - a condenser vane
 x - a box of beasts


   Skills:
 - Level 12.0 Fighting
 - Level 5.7 Polearms
 - Level 12.0 Armour
 - Level 9.0 Dodging
 - Level 8.0 Stealth
 - Level 15.0 Shields
 - Level 16.0 Spellcasting
 - Level 8.0 Conjurations
 - Level 22.0 Necromancy
 - Level 22.0 Transmutations
 * Level 15.8 Ice Magic
 O Level 27 Earth Magic


You had 15 spell levels left.
You knew the following spells:

 Your Spells              Type           Power      Damage    Failure   Level
a - Borgnjor's Vile Clut  Necr/Erth      68%        N/A       0%          5
b - Shatter               Erth           58%        3d44*     4%          9
c - Iron Shot             Conj/Erth      48%        9d9       1%          6
d - Necromutation         Tmut/Necr      65%        N/A       2%          8
e - Dispel Undead         Necr           100%       3d31      0%          4
f - Polar Vortex          Ice            46%        N/A       98%         9
z - Sublimation of Blood  Necr           100%       N/A       0%          2

Your spell library contained the following spells:

 Spells                   Type           Power      Damage    Failure   Level
 Beastly Appendage        Tmut           100%       N/A       0%          1
 Freeze                   Ice            100%       1d10      0%          1
 Kiss of Death            Conj/Necr      100%       2d13      0%          1
 Necrotise                Necr           100%       1d9       0%          1
 Sandblast                Erth           100%       2d20      0%          1
 Passwall                 Tmut/Erth      93%        N/A       0%          2
 Wereblood                Tmut           100%       N/A       0%          2
 Stone Arrow              Conj/Erth      100%       3d13      0%          3
 Vampiric Draining        Necr           100%       2d13      0%          3
 Lee's Rapid Deconstruct  Erth           58%        3d27*     0%          5
 Magic Dart               Conj           100%       1d8       1%          1
 Shock                    Conj/Air       100%       1d9       1%          1
 Sting                    Tmut/Pois      100%       1d8       1%          1
 Cigotuvi's Dreadful Rot  Necr/Pois/Air  100%       N/A       1%          2
 Ensorcelled Hibernation  Hex/Ice        100%       N/A       1%          2
 Momentum Strike          Conj/Tloc      100%       3d10      1%          2
 Searing Ray              Conj           100%       2d8       1%          2
 Dazzling Flash           Conj/Hex       100%       N/A       1%          3
 Frozen Ramparts          Ice            100%       1d16      1%          3
 Hailstorm                Conj/Ice       81%        3d16      1%          3
 Ignite Poison            Fire/Tmut/Pois 65%        N/A       1%          3
 Ozocubu's Armour         Ice            92%        N/A       1%          3
 Spider Form              Tmut/Pois      78%        N/A       1%          3
 Anguish                  Hex/Necr       49%        N/A       1%          4
 Ice Form                 Ice/Tmut       100%       N/A       1%          4
 Leda's Liquefaction      Hex/Erth       43%        N/A       1%          4
 Summon Ice Beast         Ice/Summ       68%        N/A       1%          4
 Agony                    Necr           100%       N/A       1%          5
 Alistair's Intoxication  Tmut/Pois      52%        N/A       1%          5
 Blade Hands              Tmut           53%        N/A       1%          5
 Yara's Violent Unravell  Hex/Tmut       39%        3d16      1%          5
 Death Channel            Necr           65%        N/A       1%          6
 Statue Form              Tmut/Erth      74%        N/A       1%          6
 Borgnjor's Revivificati  Necr           65%        N/A       2%          8
 Infestation              Necr           65%        N/A       2%          8
 Slow                     Hex            100%       N/A       3%          1
 Summon Small Mammal      Summ           100%       N/A       3%          1
 Mephitic Cloud           Conj/Pois/Air  43%        N/A       3%          3
 Iskenderun's Battlesphe  Conj           68%        2d12      3%          5
 Lesser Beckoning         Tloc           52%        N/A       4%          2
 Scorch                   Fire           52%        2d7       4%          2
 Ozocubu's Refrigeration  Ice            46%        4d17      4%          7
 Eringya's Noxious Bog    Tmut/Pois      39%        N/A       5%          6
 Flame Wave               Conj/Fire      51%        2d13      6%          4
 Fulminant Prism          Conj/Hex       25%        3d14      6%          4
 Iskenderun's Mystic Bla  Conj/Tloc      51%        2d11      6%          4
 Sticky Flame             Conj/Fire      51%        2d7       6%          4
 Call Canine Familiar     Summ           26%        N/A       9%          3
 Confusing Touch          Hex            26%        N/A       9%          3
 Gell's Gravitas          Tloc           26%        N/A       9%          3
 Inner Flame              Hex/Fire       26%        N/A       9%          3
 Portal Projectile        Hex/Tloc       52%        N/A       9%          3
 Summon Guardian Golem    Hex/Summ       26%        N/A       9%          3
 Teleport Other           Tloc           26%        N/A       9%          3
 Tukima's Dance           Hex            26%        N/A       9%          3
 Arcjolt                  Conj/Air       25%        1d35      16%         5
 Fireball                 Conj/Fire      25%        3d11      16%         5
 Haunt                    Necr/Summ      49%        N/A       26%         7
 Storm Form               Tmut/Air       39%        N/A       26%         7
 Airstrike                Air            13%        2d(2-18)  28%         4
 Manifold Assault         Tloc           26%        N/A       28%         4
 Passage of Golubria      Tloc           26%        N/A       28%         4
 Summon Lightning Spire   Summ/Air       26%        N/A       28%         4
 Death's Door             Necr           65%        N/A       34%         9
 Silence                  Hex/Air        13%        N/A       61%         5
 Summon Forest            Summ/Tloc      13%        N/A       61%         5
 Dispersal                Tloc           13%        N/A       98%         6
 Plasma Beam              Fire/Air       13%        2x1d26    98%         6
 Summon Cactus Giant      Summ           13%        N/A       98%         6
 Spellforged Servitor     Conj/Summ      25%        N/A       99%         7
 Monstrous Menagerie      Summ           13%        N/A       100%        7
 Disjunction              Tloc           13%        N/A       100%        8
 Ignition                 Fire           13%        3d6       100%        8
 Chain Lightning          Conj/Air       25%        3d34      100%        9
 Fire Storm               Conj/Fire      25%        8d7       100%        9
 Animate Dead             Necr           Unusable   N/A       N/A         4
 Simulacrum               Ice/Necr       Unusable   N/A       N/A         6
 Blink                    Tloc           Unusable   N/A       N/A         2
 Swiftness                Air            Unusable   N/A       N/A         3
 Vhi's Electric Charge    Tloc/Air       Unusable   N/A       N/A         3

Dungeon Overview and Level Annotations

Branches:
Dungeon (15/15)            Temple (1/1) D:5            Lair (5/5) D:11
  Swamp (4/4) Lair:2        Snake (4/4) Lair:3        Slime (0/5) Lair:5
    Orc (2/2) D:9             Elf (3/3) Orc:2        Vaults (5/5) D:14
  Crypt (3/3) Vaults:2       Tomb (3/3) Crypt:3      Depths (0/4) D:15
Ossuary (visited)          WizLab (visited)         Gauntlet (visited)

Altars:
Ashenzari
Gozag
Kikubaaqudgha
Makhleb
Nemelex Xobeh
Qazlal
Sif Muna
Uskayaw
Vehumet
Xom
Yredelemnul
The Shining One
Jiyva

Shops:
D:3 !(=(   D:9 !   Orc:2 *:([   Elf:1 :   Elf:3 ?   Snake:3 *!:!   Snake:4 ?*
Vaults:2 [   Tomb:1 :=[![[[

Annotations:
D:9 exclusion: water elemental
D:15 exclusions: downstairs and 8 more exclusions


Innate Abilities, Weirdness & Mutations

You are an undead lich.
Your unarmed attacks are suffused with negative energy.
You are immune to unholy pain and torment.
Your necromantic spells are more powerful.
You cannot drink.
You are immune to poison.
You cannot be hasted, slowed, berserked, paralysed or teleported.
You can dig through walls and to a lower floor.
You have a pair of large antennae on your head. (SInv)
Your four strong arms can wield two-handed weapons with a shield.
Your flesh is heat resistant. (rF+)
You expend magic power (3 MP) to strengthen your wands.


Message History

The Hell Sentinel gestures at you.
The sphere of damnation explodes!
The damnation engulfs you!!
The ancient lich escapes!
The Hell Sentinel roars!
You reach to attack!
You puncture the Hell Sentinel!
The Hell Sentinel is severely wounded.
The zombie hands constrict the Hell Sentinel!
The zombie hands constrict the Hell Sentinel.
The zombie hands constrict the Hell Sentinel!! x2
The Hell Sentinel is no longer distracted by gold.
An iron golem comes into view.
The Hell Sentinel escapes!
The Hell Sentinel gestures at you. The iron shot hits you!!!
The Hell Sentinel struggles to escape constriction.
Casting: Borgnjor's Vile Clutch (safe; 0% risk of failure)
Confirm with . or Enter, or press ? or * to list all spells.
Aiming: Borgnjor's Vile Clutch (safe; 0% risk of failure)
Press: ? - help, Shift-Dir - straight line, p - Hell Sentinel You feel a surge of power!
Zombie hands grab the Hell Sentinel.
Zombie hands grab the ancient lich.
The zombie hands constrict the ancient lich.
The zombie hands constrict the Hell Sentinel!
The zombie hands constrict the Hell Sentinel, but do no damage.
The zombie hands constrict the Hell Sentinel.
The zombie hands constrict the Hell Sentinel!!
You kill the Hell Sentinel!
The Hell Sentinel is no longer distracted by gold.
The ancient lich struggles to escape constriction.
The Hell Sentinel gestures at you.
The sphere of damnation explodes!
The damnation engulfs you!!! The Hell Sentinel gestures at you.
The sphere of damnation explodes!
The damnation engulfs you!!
You die...
Your body crumbles into a pile of gold.

..............▓
..............▓▓
...............▓▓
E...............▓
................▓
..E.............▓
.......b.....L.$▓▓
..........1.z.1$L▓
......9..99...$.▓▓
.....$.....1....▓
............$...▓
................▓
...............▓▓
..............▓▓
..............▓
............▓▓▓


You could see 2 iron golems, 3 Hell Sentinels, an ancient lich (fast, invisible,
clutched) and an ancient champion (unable to see you).

Vanquished Creatures
  A dread lich (Crypt:3)
  2 pandemonium lords (Zig:10)
  An ancient lich (Zig:11)
  Mara (Vaults:3)
  28 royal mummies
  Bai Suzhen (Swamp:4)
  Saint Roka (Vaults:1)
  6 golden dragons
  2 caustic shrikes (Zig:14)
  2 curse toes (Crypt:3)
  Jory (Vaults:3)
  A bone dragon (Zig:11)
  2 tentacled monstrosities
  Rupert (D:12)
  A Hell Sentinel (Zig:14)
  A quicksilver dragon (Vaults:4)
  3 titans (Vaults:5)
  10 liches
  Mlioglotl (Swamp:1)
  4 deep elf blademasters (Elf:3)
  2 deep elf master archers (Elf:3)
  An acid blob (Zig:2)
  The ghost of Nys Cevy the Brawler, an adept TrFi of Qazlal (Snake:3)
  A tentacled starspawn (Zig:11)
  18 ancient champions
  10 sphinxes
  Donald (Swamp:4)
  4 thorn hunters
  Kirke (Swamp:1)
  3 shadow dragons
  3 tengu reavers
  The ghost of dertzug the Phalangite, an adept MfBe of Trog (Snake:1)
  A storm dragon (Zig:5)
  10 revenants
  3 fire giants (Vaults:5)
  7 iron dragons
  15 vault wardens
  7 nagarajas
  7 deep elf sorcerers
  An emperor scorpion (Zig:7)
  2 frost giants
  Aizul (Vaults:1)
  3 spectral caustic shrikes (WizLab)
  A balrug (Zig:11)
  2 quicksilver elementals (Zig:14)
  2 ghost moths
  4 ghouls
  2 curse skulls
  5 very ugly things
  5 orc warlords
  18 ironbound preservers
  3 deep elf elementalists (Elf:3)
  A quicksilver ooze (Gauntlet)
  2 reapers
  A broodmother (Zig:7)
  2 war gargoyles
  8 stone giants
  6 deep elf demonologists
  12 vampire knights
  7 ironbound thunderhulks
  7 bennus
  A spectral titan (WizLab)
  A lorocyproca (Tomb:2)
  10 deep elf annihilators
  5 halazid warlocks (WizLab)
  16 dire elephants
  A minotaur (Gauntlet)
  6 eleionomae
  5 bunyips
  Snorg (D:12)
  2 iron golems (Zig:8)
  5 ettins
  3 quicksilver dragon zombies
  17 deep elf death magi
  8 eidola
  A crystal guardian (Zig:11)
  Josephine (D:15)
  12 jiangshi
  5 deep elf high priests
  6 entropy weavers
  A green death (Zig:13)
  12 yaktaur captains
  24 mummy priests
  2 shambling mangroves
  A salamander tyrant (Snake:2)
  2 peacekeepers
  38 hydras
  An Orb Guardian zombie (Crypt:1)
  8 great orbs of eyes
  A rakshasa (D:15)
  9 ironbound frosthearts
  3 ghost crabs
  An ogre mage (Vaults:5)
  49 vault guards
  A bennu zombie (Crypt:1)
  A jorogumo (Zig:6)
  A jorogumo (shapeshifter) (Zig:10)
  12 anacondas
  A quicksilver dragon skeleton (Tomb:3)
  3 death knights
  2 boulder beetles
  10 centaur warriors
  8 two-headed ogres
  8 vampire magi
  9 alligators
  2 spriggan skeletons
  67 death scarabs
  15 naga sharpshooters
  9 naga warriors
  2 tengu warriors (D:14)
  3 deep troll earth magi
  27 dancing weapons
  13 death yaks
  A hell hog (Zig:11)
  2 thrashing horrors (Zig:11)
  2 orc high priests
  8 shock serpents
  A soul eater (Vaults:2)
  6 hell knights
  A skyshark (Lair:3)
  27 deep elf knights
  10 spriggans
  A wretched star (Zig:11)
  A fire crab (Lair:5)
  49 skeletal warriors
  A skyshark (shapeshifter) (Zig:10)
  2 titan skeletons
  2 pharaoh ants (Zig:7)
  2 iron trolls (Zig:12)
  3 goliath frogs
  A bunyip zombie (Crypt:2)
  4 shadow wraiths
  2 spectral spark wasps (WizLab)
  46 deep trolls
  A shadow demon (Zig:10)
  6 flayed ghosts
  4 salamander mystics
  2 orb spiders (Zig:7)
  6 spriggan druids
  A death drake (Zig:5)
  3 glowing orange brains
  6 wizards
  4 naga ritualists
  An obsidian statue (Snake:3)
  7 sea snakes (Snake:4)
  19 ironbound convokers
  5 bog bodies
  A bunyip skeleton (Tomb:3)
  A large abomination (Zig:11)
  15 swamp dragons
  12 deep elf archers
  Pikel (D:6)
  18 phantasmal warriors
  2 orc knights
  A steelbarb worm (Zig:7)
  3 harpies (Vaults:1)
  A wolf spider (shapeshifter) (Vaults:3)
  10 necromancers
  21 lindwurms
  4 wolf spiders
  38 deep elf pyromancers
  A spectral spriggan (WizLab)
  A shadow dragon skeleton (Tomb:3)
  2 cyclopes (D:14)
  A wolf spider zombie (WizLab)
  12 mana vipers
  A mana viper (shapeshifter) (Vaults:4)
  A manticore (D:15)
  15 ugly things
  18 salamanders
  38 deep elf zephyrmancers
  18 orc sorcerers
  A moth of wrath (shapeshifter) (Vaults:4)
  A dire elephant zombie (Crypt:1)
  A fire giant skeleton (Crypt:2)
  A will-o-the-wisp (Swamp:4)
  6 elephants (Lair:5)
  2 moths of wrath
  18 naga magi
  2 demonic crawlers (Zig:6)
  11 guardian serpents
  A stone giant skeleton (Crypt:3)
  An iron dragon skeleton (Crypt:3)
  23 vault sentinels
  A smoke demon (Zig:1)
  55 black mambas
  5 apocalypse crabs
  A dire elephant skeleton (Crypt:3)
  2 torpor snails (Lair:5)
  15 cane toads
  A naga skeleton (Tomb:1)
  A shock serpent skeleton (Crypt:3)
  Maggie (D:10)
  An unseen horror (D:11)
  An alligator snapping turtle zombie (Tomb:3)
  13 komodo dragons
  An efreet (D:15)
  2 rime drakes
  30 yaktaurs
  An elf (Vaults:1)
  2 kobold demonologists
  A komodo dragon (shapeshifter) (D:15)
  A tengu conjurer (D:14)
  A death yak skeleton (Crypt:3)
  3 ancient zymes (Zig:11)
  6 freezing wraiths
  6 trolls
  13 tyrant leeches
  55 guardian mummies
  A tyrant leech (shapeshifter) (Zig:10)
  A hydra zombie (Tomb:1)
  A great orb of eyes zombie (Crypt:3)
  3 bloated husks
  An iron troll skeleton (Crypt:2)
  A harpy skeleton (Tomb:3)
  A tarantella (Zig:6)
  An ice dragon zombie (Crypt:1)
  25 blink frogs
  A dream sheep (shapeshifter) (D:13)
  15 hornets
  A jumping spider zombie (Crypt:1)
  A raiju (Zig:1)
  5 dream sheep (Lair:5)
  48 flying skulls
  2 jumping spiders (Zig:6)
  7 air elementals
  3 culicivoras
  2 ettin skeletons
  24 slime creatures
  7 water elementals
  2 centaur simulacra
  A vampire (D:12)
  24 ushabtiu
  3 shadows
  A black mamba zombie (Crypt:1)
  17 wraiths
  5 wyverns
  A basilisk (shapeshifter) (D:13)
  36 yaks
  5 basilisks
  2 fire elementals
  3 hogs (Swamp:1)
  20 humans (D:14)
  11 vampire mosquitoes
  Eustachio (D:5)
  A golden eye (shapeshifter) (Vaults:5)
  2 chaos spawn (Zig:10)
  4 steam dragons
  A neqoxec (Zig:1)
  A redback (Vaults:3)
  A deep troll zombie (Tomb:1)
  A fire bat zombie (Crypt:1)
  11 swamp worms
  13 wargs
  A naga zombie (Tomb:2)
  An acid dragon (Zig:5)
  39 nagas
  9 water moccasins
  4 sky beasts
  8 swamp drakes
  2 ice beasts (D:7)
  A cane toad skeleton (Crypt:3)
  An elephant zombie (Crypt:2)
  39 orc warriors
  2 black bears
  9 ogres
  5 boggarts (D:15)
  18 wolves
  A manticore skeleton (Crypt:1)
  A torpor snail zombie (Crypt:3)
  6 centaurs
  A lemure (D:6)
  11 starcursed masses (Zig:11)
  A swamp dragon skeleton (Crypt:1)
  A phantom (D:7)
  A hog skeleton (Crypt:3)
  A vine stalker zombie (Crypt:2)
  6 kobold brigands
  An elf zombie (D:8)
  17 bullfrogs
  2 earth elementals
  4 gnoll sergeants
  2 necrophages (Crypt:3)
  5 elf skeletons (D:8)
  6 scorpions
  7 killer bees (D:9)
  8 howler monkeys
  3 electric eels
  17 orc priests
  2 jellies
  3 gnoll boudas
  A hound (D:4)
  45 orc wizards
  Ijyb (D:3)
  6 human skeletons
  3 iguanas
  34 mummies
  Robin (D:3)
  29 gnolls
  9 adders
  An ufetubus (D:5)
  An adder zombie (Crypt:2)
  3 worms
  4 dart slugs
  96 orcs
  8 ball pythons
  3 endoplasms
  7 giant cockroaches
  19 goblins
  9 hobgoblins
  6 jackals
  A quokka (D:1)
  4 bats
  4 frilled lizards
  4 gnoll skeletons (Ossuary)
  A goblin skeleton (Crypt:2)
  30 kobolds
  5 kobold skeletons (Ossuary)
  16 orc skeletons (Ossuary)
  2 rats
  A starspawn tentacle (Zig:11)
2391 creatures vanquished.

Vanquished Creatures (others)
  A pandemonium lord (Zig:10)
  A fire giant (Vaults:5)
  A bennu (Tomb:2)
  4 death scarabs (Tomb:2)
  A deep elf pyromancer (Elf:2)
  A bloated husk (Swamp:3)
  A guardian mummy (Tomb:2)
  A chaos spawn (Zig:10)
  2 mummies (Tomb:2)
  9 ball lightnings (Elf:1)
  7 foxfires (Swamp:4)
  5 starspawn tentacles (Zig:11)
34 creatures vanquished.

Grand Total: 2425 creatures vanquished

Notes
Turn   | Place    | Note
-------+----------+-------------------------------------------
     0 | D:1      | DildoBatman the Formicid Conjurer began the quest for the
                  | Orb.
     0 | D:1      | Reached XP level 1. HP: 13/13 MP: 3/3
   120 | D:1      | Reached XP level 2. HP: 17/20 MP: 1/5
   123 | D:1      | Learned a level 2 spell: Searing Ray
   302 | D:1      | Found a faded altar of an unknown god.
   521 | D:1      | Reached XP level 3. HP: 25/25 MP: 3/6
   523 | D:1      | Reached skill level 1 in Fighting
   550 | D:1      | Reached skill level 1 in Armour
  1128 | D:2      | Reached XP level 4. HP: 22/32 MP: 0/7
  1649 | D:2      | Reached XP level 5. HP: 35/38 MP: 3/9
  1651 | D:2      | Identified the +2 robe "Biopeg" {*Slow rN+ Int+7}
  1968 | D:3      | Identified the ring "Sesoidie" {Wiz Int+2}
  2033 | D:3      | Found Kitsuorph's Weapon Boutique.
  2048 | D:3      | Found Nini's Distillery.
  2118 | D:3      | Found Jucwyrha's Weapon Shop.
  2183 | D:3      | Found Zioruux's Jewellery Boutique.
  2381 | D:3      | Noticed Ijyb
  2518 | D:3      | Identified the +0 leather armour of Dishonesty {Rampage
                  | *Corrode rElec MP+9 Int+2}
  2557 | D:3      | Noticed Robin
  2723 | D:4      | Noticed a kobold brigand
  2792 | D:4      | Killed a kobold brigand
  2793 | D:4      | Reached XP level 6. HP: 34/46 MP: 1/10
  2947 | D:4      | You fall into a shaft and drop 1 floor!
  2947 | D:5      | Entered Level 5 of the Dungeon
  2997 | D:5      | Found an ancient bone altar of Kikubaaqudgha.
  3053 | D:5      | Became a worshipper of Kikubaaqudgha
  3060 | D:5      | Found a staircase to the Ecumenical Temple.
  3070 | Temple   | Entered the Ecumenical Temple
  3138 | D:5      | Reached XP level 7. HP: 41/52 MP: 4/12
  3158 | D:5      | Noticed Eustachio
  3210 | D:3      | Killed Ijyb
  3305 | D:3      | Reached * piety under Kikubaaqudgha
  3305 | D:3      | Received a gift from Kikubaaqudgha
  3308 | D:3      | Killed Robin
  3344 | D:3      | Bought a potion of curing for 39 gold pieces
  3445 | D:4      | Found an opulent altar of Gozag.
  3927 | D:5      | Found a basalt altar of Yredelemnul.
  4021 | D:5      | Reached XP level 8. HP: 35/61 MP: 8/15
  4310 | D:5      | Killed Eustachio
  4311 | D:5      | Reached skill level 5 in Spellcasting
  4360 | D:6      | Reached skill level 5 in Fighting
  4360 | D:6      | Reached skill level 5 in Armour
  4365 | D:6      | Noticed Pikel
  4386 | D:6      | Killed Pikel
  4387 | D:6      | Reached skill level 1 in Necromancy
  4390 | D:6      | Learned a level 2 spell: Sublimation of Blood
  4394 | D:6      | Learned a level 3 spell: Frozen Ramparts
  4428 | D:6      | Reached skill level 1 in Ice Magic
  4428 | D:6      | Reached XP level 9. HP: 68/68 MP: 7/19
  4552 | D:6      | Identified the +7 ring mail of the Good {+Inv Regen+ Str+4
                  | Dex+3}
  4710 | D:6      | Found a hide-covered altar of Uskayaw.
  4760 | D:6      | Reached ** piety under Kikubaaqudgha
  5024 | D:7      | Reached skill level 5 in Ice Magic
  5587 | D:7      | Reached XP level 10. HP: 75/75 MP: 15/21
  5795 | D:8      | Reached *** piety under Kikubaaqudgha
  5795 | D:8      | Received a gift from Kikubaaqudgha
  6022 | D:8      | Found a burning altar of Makhleb.
  6090 | D:8      | Reached **** piety under Kikubaaqudgha
  6154 | D:8      | Reached skill level 1 in Shields
  6262 | D:8      | Found a sand-covered staircase.
  6294 | Ossuary  | Entered an ossuary
  6530 | Ossuary  | Reached ***** piety under Kikubaaqudgha
  6655 | D:8      | Found a sparkling altar of Nemelex Xobeh.
  7090 | D:9      | Found a stormy altar of Qazlal.
  7160 | D:9      | Reached skill level 5 in Shields
  7302 | D:9      | Found Vilurecy's Distillery.
  7310 | D:9      | Bought a potion of degeneration for 12 gold pieces
  7371 | D:9      | Found a staircase to the Orcish Mines.
  7541 | D:9      | Found a shimmering altar of Xom.
  7577 | D:9      | Reached XP level 11. HP: 69/82 MP: 6/22
  7957 | D:9      | Got the Codex of Support
  8117 | D:10     | Entered Level 10 of the Dungeon
  8174 | D:10     | Found a shimmering blue altar of Sif Muna.
  8284 | D:10     | Noticed Maggie
  8326 | D:10     | Killed Maggie
  8488 | D:10     | Found a broken altar of Ashenzari.
  8637 | D:10     | Reached skill level 5 in Dodging
  8907 | D:11     | Reached skill level 5 in Necromancy
  9089 | D:11     | Noticed a brown ugly thing
  9101 | D:11     | Killed a brown ugly thing
  9102 | D:11     | Reached skill level 10 in Shields
  9149 | D:11     | Reached XP level 12. HP: 89/91 MP: 10/24
  9215 | D:11     | Reached ****** piety under Kikubaaqudgha
  9262 | D:10     | Received a gift from Kikubaaqudgha
  9263 | D:10     | Fell from the grace of Kikubaaqudgha
  9393 | D:4      | Became a worshipper of Gozag Ym Sagoz the Greedy
  9397 | D:4      | You fall into a shaft and drop 1 floor!
  9400 | D:5      | You fall into a shaft and drop 1 floor!
  9403 | D:6      | You fall into a shaft and drop 2 floors!
  9406 | D:8      | You fall into a shaft and drop 2 floors!
  9651 | D:11     | Found a staircase to the Lair.
  9915 | Orc:1    | Entered Level 1 of the Orcish Mines
 10105 | Orc:1    | Noticed an orc warlord
 10565 | Orc:2    | Entered Level 2 of the Orcish Mines
 10565 | Orc:2    | Noticed an orc high priest
 10636 | Orc:1    | Killed an orc high priest
 10805 | Orc:2    | Found a staircase to the Elven Halls.
 11400 | Orc:2    | Reached XP level 13. HP: 98/100 MP: 18/26
 11472 | Orc:2    | Found Oneut's Book Boutique.
 11514 | Orc:2    | Found Beox's Assorted Antiques.
 11548 | Orc:2    | Bought a scroll labelled POPHUE SIZ BUY for 37 gold pieces
 11548 | Orc:2    | Bought a potion of curing for 111 gold pieces
 11548 | Orc:2    | Bought 3 scrolls labelled HETIONT PUSUPS for 111 gold
                  | pieces
 11821 | Orc:2    | Found Vocuoten's Weapon Shoppe.
 11821 | Orc:2    | Found Jotoaq's Antique Armour Boutique.
 12023 | Orc:2    | Gained mutation: You expend magic power (3 MP) to
                  | strengthen your wands. [potion of mutation]
 12023 | Orc:2    | Gained mutation: You are clumsy. (Dex -2) [potion of
                  | mutation]
 12023 | Orc:2    | Gained mutation: You have hidden genetic potential. [potion
                  | of mutation]
 12067 | Orc:2    | Bought a book of Unlife for 468 gold pieces
 12073 | Orc:2    | Learned a level 5 spell: Borgnjor's Vile Clutch
 12180 | Lair:1   | Entered Level 1 of the Lair of Beasts
 12186 | Lair:1   | Reached skill level 1 in Earth Magic
 12189 | Lair:1   | Reached skill level 2 in Earth Magic
 12222 | Lair:1   | Reached skill level 3 in Earth Magic
 12310 | Lair:1   | Reached skill level 4 in Earth Magic
 12400 | Lair:1   | Reached skill level 5 in Earth Magic
 12984 | Lair:2   | Reached skill level 6 in Earth Magic
 12986 | Lair:2   | Noticed an eight-headed hydra
 13112 | Lair:2   | Found a staircase to the Swamp.
 13122 | Lair:2   | Reached skill level 7 in Earth Magic
 13426 | Lair:2   | Killed an eight-headed hydra
 13891 | Lair:2   | Was forgiven by Kikubaaqudgha
 13980 | Lair:3   | Reached skill level 8 in Earth Magic
 13980 | Lair:3   | Noticed a four-headed hydra
 13996 | Lair:3   | Killed a four-headed hydra
 14102 | Lair:3   | Noticed a four-headed hydra
 14113 | Lair:3   | Killed a four-headed hydra
 14246 | Lair:3   | Reached skill level 9 in Earth Magic
 14264 | Lair:3   | Reached skill level 10 in Earth Magic
 14286 | Lair:3   | Reached XP level 14. HP: 106/108 MP: 4/27
 14350 | Lair:3   | Found a staircase to the Snake Pit.
 14683 | Lair:3   | Reached skill level 11 in Earth Magic
 14688 | Lair:3   | Gained mutation: You are covered in fur. (AC +1) [hidden
                  | potential]
 15646 | Lair:5   | Entered Level 5 of the Lair of Beasts
 15664 | Lair:5   | Reached skill level 12 in Earth Magic
 15728 | Lair:5   | Reached skill level 10 in Necromancy
 15878 | Lair:5   | Reached XP level 15. HP: 106/113 MP: 21/28
 15990 | Lair:5   | Gained mutation: You possess an exceptional clarity of
                  | mind. [hidden potential]
 15990 | Lair:5   | Lost mutation: You have hidden genetic potential. [hidden
                  | potential expressed]
 15991 | Lair:5   | Lost mutation: You expend magic power (3 MP) to strengthen
                  | your wands. [potion of mutation]
 15991 | Lair:5   | Lost mutation: You possess an exceptional clarity of mind.
                  | [potion of mutation]
 15991 | Lair:5   | Gained mutation: You have large cloven feet. [potion of
                  | mutation]
 15991 | Lair:5   | Gained mutation: Your muscles are strong. (Str +4, Int/Dex
                  | -1) [potion of mutation]
 16087 | Lair:5   | Found a viscous altar of Jiyva.
 16087 | Lair:5   | Found a staircase to the Slime Pits.
 16135 | Lair:5   | Reached skill level 10 in Spellcasting
 16426 | Lair:5   | Identified the +2 hat of the Sturgeon {rElec Str+6 Dex-3
                  | Stlth-}
 16913 | D:8      | Killed an orc warlord
 17008 | D:12     | Noticed Snorg
 17017 | D:12     | Killed Snorg
 17148 | D:12     | Noticed Rupert
 17164 | D:12     | Killed Rupert
 17791 | D:13     | Reached skill level 10 in Fighting
 17901 | D:13     | Noticed an iron dragon
 17921 | D:13     | Killed an iron dragon
 17929 | D:13     | Identified the +0 scale mail of Nemelex Xobeh's Regard
                  | {rPois rF+ rN+ Str-5}
 18001 | D:13     | Reached skill level 10 in Armour
 18457 | D:14     | Reached XP level 16. HP: 113/122 MP: 25/30
 18541 | D:14     | Found a gate leading to a gauntlet.
 18557 | Gauntlet | Entered a Gauntlet
 18557 | Gauntlet | Found a transporter.
 18557 | Gauntlet | Found a transporter.
 18558 | Gauntlet | Found a transporter.
 18561 | Gauntlet | Found a transporter.
 18561 | Gauntlet | Found a transporter.
 18561 | Gauntlet | Found a transporter.
 18571 | Gauntlet | Found a transporter.
 18575 | Gauntlet | Found a transporter.
 18577 | Gauntlet | Found a large runed translucent door.
 18578 | Gauntlet | Found a large runed translucent door.
 18579 | Gauntlet | Found a large runed translucent door.
 18579 | Gauntlet | Found a large runed translucent door.
 18579 | Gauntlet | Found a runed translucent door.
 18580 | Gauntlet | Found a large runed translucent door.
 18581 | Gauntlet | Found a large runed translucent door.
 18582 | Gauntlet | Found a large runed translucent door.
 18582 | Gauntlet | Found a large runed translucent door.
 18583 | Gauntlet | Found a runed translucent gate.
 18585 | Gauntlet | Found a transporter.
 18687 | Gauntlet | Found a transporter.
 18691 | Gauntlet | Found a transporter.
 18693 | Gauntlet | Found a large runed translucent door.
 18694 | Gauntlet | Found a large runed translucent door.
 18695 | Gauntlet | Found a large runed translucent door.
 18695 | Gauntlet | Found a large runed translucent door.
 18695 | Gauntlet | Found a runed translucent door.
 18696 | Gauntlet | Found a large runed translucent door.
 18697 | Gauntlet | Found a large runed translucent door.
 18698 | Gauntlet | Found a large runed translucent door.
 18698 | Gauntlet | Found a large runed translucent door.
 18699 | Gauntlet | Found a runed translucent gate.
 18699 | Gauntlet | Found a runed translucent gate.
 18701 | Gauntlet | Found a transporter.
 18840 | Gauntlet | Identified the +2 pair of boots of Analysis {-Tele Int+4}
 18922 | Gauntlet | Identified the ring "Nujeof" {rC+ Dex+8}
 18954 | Gauntlet | Identified the +5 whip of Asutit {heavy, rElec rC- Dex+3}
 18954 | Gauntlet | Identified the +12 war axe of Bywicw {vamp, +Blink rC+
                  | Str+3 Int+4}
 19147 | D:11     | You fall into a shaft and drop 3 floors!
 19340 | D:14     | Found a gate to the Vaults.
 19885 | D:15     | Entered Level 15 of the Dungeon
 19886 | D:15     | Found a broken altar of Ashenzari.
 19915 | D:15     | Noticed Josephine
 19959 | D:15     | Killed Josephine
 20417 | D:15     | Reached skill level 13 in Earth Magic
 20431 | D:15     | Found a staircase to the Depths.
 21077 | Snake:1  | Entered Level 1 of the Snake Pit
 21245 | Snake:1  | Found a runed translucent door.
 21245 | Snake:1  | Noticed dertzug's ghost (adept MfBe)
 21589 | Snake:1  | Reached XP level 17. HP: 122/131 MP: 26/32
 21936 | Snake:1  | You fall into a shaft and drop 1 floor!
 22041 | Snake:2  | Identified the +7 shortbow "Copsew" {antimagic, Str+3}
 22079 | Snake:2  | Identified the +3 mace of the Shallot {drain, rPois Stlth+}
 23351 | Snake:3  | Found a runed translucent gate.
 23352 | Snake:3  | Found a runed translucent gate.
 23352 | Snake:3  | Found an opulent altar of Gozag.
 23353 | Snake:3  | Found a runed translucent gate.
 23355 | Snake:3  | Noticed Nys Cevy's ghost (adept TrFi)
 23356 | Snake:3  | Found Vookiwau's Assorted Antiques.
 23480 | Snake:3  | Found Arhups's Distillery.
 23482 | Snake:3  | Found Booz's Book Shoppe.
 23485 | Snake:3  | Found Lugeic's Distillery.
 23488 | Snake:3  | Bought a potion of mutation for 112 gold pieces
 23488 | Snake:3  | Bought a potion of ambrosia for 112 gold pieces
 23488 | Snake:3  | Bought a potion of might for 56 gold pieces
 23488 | Snake:3  | Bought a potion of might for 56 gold pieces
 23488 | Snake:3  | Bought a potion of curing for 42 gold pieces
 23488 | Snake:3  | Bought a potion of invisibility for 112 gold pieces
 23488 | Snake:3  | Bought a potion of curing for 42 gold pieces
 23488 | Snake:3  | Bought a potion of heal wounds for 70 gold pieces
 23492 | Snake:3  | Bought a potion of mutation for 152 gold pieces
 23492 | Snake:3  | Bought a potion of curing for 57 gold pieces
 23492 | Snake:3  | Bought a potion of heal wounds for 95 gold pieces
 23492 | Snake:3  | Bought 2 potions of brilliance for 152 gold pieces
 23492 | Snake:3  | Bought 2 potions of ambrosia for 304 gold pieces
 23492 | Snake:3  | Bought a potion of heal wounds for 95 gold pieces
 23492 | Snake:3  | Bought a potion of resistance for 190 gold pieces
 23734 | Snake:4  | Entered Level 4 of the Snake Pit
 23808 | Snake:4  | Found Kiurch's General Store.
 23822 | Snake:4  | Found Ufigy's Magic Scroll Shop.
 23895 | Snake:4  | Bought a potion of curing for 66 gold pieces
 23902 | Snake:4  | Bought a scroll of fog for 60 gold pieces
 23932 | Snake:4  | Bought a scroll of butterflies for 60 gold pieces
 23946 | Snake:4  | Reached skill level 14 in Earth Magic
 23948 | Snake:4  | Reached XP level 18. HP: 125/140 MP: 20/33
 24002 | Snake:4  | Reached skill level 10 in Ice Magic
 24424 | Snake:4  | Reached skill level 15 in Shields
 24894 | Snake:4  | Reached skill level 15 in Earth Magic
 25048 | Snake:4  | Got a serpentine rune of Zot
 25515 | D:11     | Lost mutation: You are covered in fur. (AC +1) [potion of
                  | mutation]
 25515 | D:11     | Lost mutation: You have large cloven feet. [potion of
                  | mutation]
 25515 | D:11     | Lost mutation: Your muscles are strong. (Str +4, Int/Dex
                  | -1) [potion of mutation]
 25515 | D:11     | Gained mutation: You are resistant to electric shocks.
                  | (rElec) [potion of mutation]
 25515 | D:11     | Gained mutation: Your system is resistant to poisons.
                  | (rPois) [potion of mutation]
 25516 | D:11     | Lost mutation: You are resistant to electric shocks.
                  | (rElec) [potion of mutation]
 25516 | D:11     | Lost mutation: You are clumsy. (Dex -2) [potion of
                  | mutation]
 25516 | D:11     | Lost mutation: Your system is resistant to poisons. (rPois)
                  | [potion of mutation]
 25516 | D:11     | Gained mutation: Your flesh is cold resistant. (rC+)
                  | [potion of mutation]
 25516 | D:11     | Gained mutation: You are partially covered in iridescent
                  | scales. (AC +2) [potion of mutation]
 25517 | D:11     | Lost mutation: You are partially covered in iridescent
                  | scales. (AC +2) [potion of mutation]
 25517 | D:11     | Lost mutation: Your flesh is cold resistant. (rC+) [potion
                  | of mutation]
 25517 | D:11     | Gained mutation: You have hidden genetic defects. [potion
                  | of mutation]
 25517 | D:11     | Gained mutation: You occasionally shout uncontrollably at
                  | your foes. [potion of mutation]
 25517 | D:11     | Gained mutation: You are agile. (Dex +4, Str/Int -1)
                  | [potion of mutation]
 25518 | D:11     | Lost mutation: You are agile. (Dex +4, Str/Int -1) [potion
                  | of mutation]
 25518 | D:11     | Lost mutation: You occasionally shout uncontrollably at
                  | your foes. [potion of mutation]
 25518 | D:11     | Lost mutation: You have hidden genetic defects. [potion of
                  | mutation]
 25518 | D:11     | Gained mutation: You passively map a small area around you.
                  | [potion of mutation]
 25519 | D:11     | Lost mutation: You passively map a small area around you.
                  | [potion of mutation]
 25519 | D:11     | Gained mutation: You occasionally lose the ability to drink
                  | potions when taking damage. [potion of mutation]
 25519 | D:11     | Gained mutation: Your natural rate of healing is unusually
                  | fast. [potion of mutation]
 25519 | D:11     | Gained mutation: You expend magic power (3 MP) to
                  | strengthen your wands. [potion of mutation]
 25560 | Swamp:1  | Entered Level 1 of the Swamp
 25630 | Swamp:1  | Noticed Kirke
 25676 | Swamp:1  | Killed Kirke
 25713 | Swamp:1  | Noticed Mlioglotl
 25739 | Swamp:1  | Killed Mlioglotl
 26154 | Swamp:2  | Reached XP level 19. HP: 83/146 MP: 14/35
 26943 | Swamp:3  | Reached skill level 16 in Earth Magic
 26958 | Swamp:3  | Noticed a tentacled monstrosity
 26964 | Swamp:3  | Reached skill level 15 in Necromancy
 26968 | Swamp:3  | Killed a tentacled monstrosity
 27383 | Swamp:4  | Entered Level 4 of the Swamp
 27533 | Swamp:4  | Noticed Donald
 27545 | Swamp:4  | Killed Donald
 27619 | Swamp:4  | Reached skill level 17 in Earth Magic
 27699 | Swamp:4  | Got a decaying rune of Zot
 27759 | Swamp:4  | Noticed Bai Suzhen
 27793 | Swamp:4  | Killed Bai Suzhen
 28297 | Vaults:1 | Entered Level 1 of the Vaults
 28443 | Vaults:1 | Noticed Saint Roka
 28461 | Vaults:1 | Killed Saint Roka
 28462 | Vaults:1 | Reached XP level 20. HP: 117/153 MP: 20/36
 28534 | Vaults:1 | Reached skill level 18 in Earth Magic
 28848 | Vaults:1 | Noticed Aizul
 28861 | Vaults:1 | Killed Aizul
 28975 | Vaults:1 | Reached skill level 19 in Earth Magic
 29910 | Vaults:2 | Reached XP level 21. HP: 133/159 MP: 3/37
 30089 | Vaults:2 | Identified the +6 rapier of Ripp {freeze, Fragile rF+ rN+
                  | SInv}
 30107 | Vaults:2 | Reached skill level 20 in Earth Magic
 30311 | Vaults:2 | Found Plog's Armour Boutique.
 30872 | Vaults:2 | Found a staircase to the Crypt.
 31156 | Vaults:3 | Noticed Mara
 31168 | Vaults:3 | Noticed DildoBatman's illusion
 31199 | Vaults:3 | Killed Mara
 31452 | Vaults:3 | Reached skill level 21 in Earth Magic
 31479 | Vaults:3 | HP: 7/159 [deep troll[an ironbound preserver] (10)]
 31828 | Vaults:3 | Noticed Jory
 31846 | Vaults:3 | Killed Jory
 32346 | Vaults:3 | Reached XP level 22. HP: 85/165 MP: 26/38
 32733 | Vaults:4 | Reached skill level 22 in Earth Magic
 32758 | Vaults:4 | Identified the +6 short sword "Killer Klown's Foe" {drain,
                  | rPois}
 34124 | D:3      | Bought a potion of might for 52 gold pieces
 34124 | D:3      | Bought a potion of brilliance for 52 gold pieces
 34228 | D:9      | Bought a potion of heal wounds for 60 gold pieces
 34228 | D:9      | Bought a potion of ambrosia for 96 gold pieces
 34228 | D:9      | Bought 2 potions of ambrosia for 192 gold pieces
 34228 | D:9      | Bought a potion of cancellation for 96 gold pieces
 34396 | Snake:1  | Killed dertzug's ghost
 34537 | Snake:3  | Bought a book of the Earth for 576 gold pieces
 34537 | Snake:3  | Bought a book of Power for 672 gold pieces
 34544 | Snake:3  | Learned a level 6 spell: Iron Shot
 34551 | Snake:3  | Learned a level 6 spell: Statue Form
 34792 | Elf:1    | Entered Level 1 of the Elven Halls
 34875 | Elf:1    | Reached skill level 1 in Transmutations
 35072 | Elf:1    | Found Tuddil's Book Shoppe.
 35079 | Elf:1    | Bought a book of Touch for 352 gold pieces
 35084 | Elf:1    | Learned a level 4 spell: Dispel Undead
 35452 | Elf:1    | Reached skill level 5 in Conjurations
 35467 | Elf:1    | Identified the amulet "Neupluane" {RegenMP rPois Will+}
 35630 | Elf:1    | Found a radiant altar of Vehumet.
 35997 | Snake:3  | Killed Nys Cevy's ghost
 36062 | Snake:3  | Bought a potion of cancellation for 312 gold pieces
 36062 | Snake:3  | Bought a potion of curing for 117 gold pieces
 36062 | Snake:3  | Bought a scroll of poison for 156 gold pieces
 36085 | Snake:3  | Lost mutation: You expend magic power (3 MP) to strengthen
                  | your wands. [potion of mutation]
 36085 | Snake:3  | Lost mutation: You occasionally lose the ability to drink
                  | potions when taking damage. [potion of mutation]
 36085 | Snake:3  | Lost mutation: Your natural rate of healing is unusually
                  | fast. [potion of mutation]
 36085 | Snake:3  | Gained mutation: You have sharp toenails. [potion of
                  | mutation]
 36085 | Snake:3  | Gained mutation: Your flesh is heat resistant. (rF+)
                  | [potion of mutation]
 36085 | Snake:3  | Gained mutation: Your flesh is cold resistant. (rC+)
                  | [potion of mutation]
 36394 | Elf:2    | Found a magical portal.
 36406 | WizLab   | Entered Borgnjor's Mausoleum
 36506 | WizLab   | Reached XP level 23. HP: 166/166 MP: 31/39
 36621 | WizLab   | Reached skill level 5 in Transmutations
 37894 | Elf:2    | Found a runed translucent gate.
 37895 | Elf:2    | Found a runed translucent gate.
 37895 | Elf:2    | Found a runed translucent gate.
 38667 | Elf:3    | Entered Level 3 of the Elven Halls
 38764 | Elf:3    | Reached skill level 10 in Transmutations
 38793 | Elf:3    | Found The Oracle's Delphic Readings.
 39368 | Elf:3    | Reached XP level 24. HP: 155/170 MP: 15/39
 39571 | Elf:3    | Found the +8 lance "Wyrmbane" {slay drac, rPois rF+ rC+
                  | AC+3}
 39582 | Elf:3    | Found the sphere of Battle
 39584 | Elf:3    | Identified the staff of air "Mataitoi" {rElec Str+2 Dex+8}
 39620 | Elf:3    | Identified the staff of fire "Wear Mui" {rF+ rN+ Str+3}
 39632 | Elf:3    | Identified the +6 war axe of a ziggurat {pain, +Blink rF-
                  | rC++ Dex+3}
 39635 | Elf:3    | Identified the -2 pair of boots of Jugaiq Wiext {rCorr}
 39656 | Elf:3    | Identified the staff of earth "Kuag" {+Blink rElec Str-5
                  | Int+3}
 39690 | Elf:3    | Identified the +0 plate armour of Unreason {Str+5 Int-2}
 40230 | Crypt:1  | Entered Level 1 of the Crypt
 40249 | Crypt:1  | Reached skill level 1 in Polearms
 40403 | Crypt:1  | Identified the ring "Xogiah" {+Blink rPois rC- Dex+6}
 40658 | Crypt:1  | HP: 8/178 [vampire knight/vampiric draining (19)]
 41384 | Crypt:1  | Identified 2 scrolls of acquirement
 41399 | Crypt:1  | Lost mutation: You have sharp toenails. [potion of
                  | mutation]
 41399 | Crypt:1  | Lost mutation: Your flesh is heat resistant. (rF+) [potion
                  | of mutation]
 41399 | Crypt:1  | Lost mutation: Your flesh is cold resistant. (rC+) [potion
                  | of mutation]
 41399 | Crypt:1  | Gained mutation: Your spells are a little harder to cast,
                  | but a little more powerful. [potion of mutation]
 41399 | Crypt:1  | Gained mutation: Your spells are harder to cast, but more
                  | powerful. [potion of mutation]
 41400 | Crypt:1  | Lost mutation: Your spells are harder to cast, but more
                  | powerful. [potion of mutation]
 41400 | Crypt:1  | Lost mutation: Your spells are a little harder to cast, but
                  | a little more powerful. [potion of mutation]
 41400 | Crypt:1  | Gained mutation: You have hidden genetic defects. [potion
                  | of mutation]
 41400 | Crypt:1  | Gained mutation: Your mind is acute. (Int +4, Str/Dex -1)
                  | [potion of mutation]
 41400 | Crypt:1  | Gained mutation: Your flesh is heat resistant. (rF+)
                  | [potion of mutation]
 41401 | Crypt:1  | Lost mutation: You have hidden genetic defects. [potion of
                  | mutation]
 41401 | Crypt:1  | Lost mutation: Your mind is acute. (Int +4, Str/Dex -1)
                  | [potion of mutation]
 41401 | Crypt:1  | Lost mutation: Your flesh is heat resistant. (rF+) [potion
                  | of mutation]
 41401 | Crypt:1  | Gained mutation: Your flesh is heat resistant. (rF+)
                  | [potion of mutation]
 41401 | Crypt:1  | Gained mutation: You are frail. (-10% HP) [potion of
                  | mutation]
 41448 | Crypt:1  | Learned a level 8 spell: Necromutation
 41481 | Crypt:2  | Identified the +7 quarterstaff of the Known World {drain,
                  | rElec Str+3 Dex-4}
 41709 | Crypt:2  | Reached skill level 5 in Polearms
 42110 | Crypt:2  | Identified the +1 scale mail of Inquiry {Rampage Will+
                  | Str-4 Int+5}
 42361 | Crypt:3  | Entered Level 3 of the Crypt
 42506 | Crypt:2  | Reached XP level 25. HP: 122/160 MP: 25/40
 42673 | Crypt:3  | Found the +7 great mace "Undeadhunter" {deathbane, rN+}
 42684 | Crypt:3  | Reached skill level 15 in Transmutations
 42708 | Crypt:3  | Noticed a curse toe
 42774 | Crypt:3  | Noticed a curse toe
 42784 | Crypt:3  | Killed a curse toe
 42793 | Crypt:3  | Killed a curse toe
 43186 | Crypt:3  | Found a staircase to the Tomb.
 43356 | Crypt:3  | Found a glowing golden altar of the Shining One.
 43374 | Crypt:3  | Found a burning altar of Makhleb.
 43424 | Crypt:3  | Noticed a dread lich
 43466 | Crypt:3  | Killed a dread lich
 43484 | Crypt:3  | Identified the staff of earth "Geusac" {rN+++}
 43488 | Crypt:3  | Got Sif Muna's Cyclopedia of Red-Hot Accompaniment
 43494 | Crypt:3  | Identified the +4 plate armour of the Locust {rCorr}
 43579 | Tomb:1   | Entered Level 1 of the Tomb of the Ancients
 43940 | Tomb:1   | Identified the +4 quarterstaff of the Wicked God {freeze,
                  | rC+ rN+ Will+ Str-2 Stlth+}
 43987 | Tomb:1   | Noticed a royal mummy
 44027 | Tomb:1   | Killed a royal mummy
 44358 | Tomb:1   | Noticed a royal mummy
 44374 | Tomb:1   | Killed a royal mummy
 44434 | Tomb:1   | Reached skill level 5 in Stealth
 44924 | Tomb:1   | Acquired the +6 Majin-Bo {spellvamp, MP+6 Int+6}
 44924 | Tomb:1   | Found the +6 Majin-Bo {spellvamp, MP+6 Int+6}
 44925 | Tomb:1   | Acquired 481 gold pieces
 45077 | Vaults:5 | Entered Level 5 of the Vaults
 45297 | Vaults:4 | Reached XP level 26. HP: 119/171 MP: 20/40
 46128 | Vaults:5 | Identified the +5 spear of Instinct {drain, Contam rPois
                  | rN++ Dex-4}
 46206 | Vaults:5 | Identified the +5 battleaxe "Tenneut" {heavy, rF+ Str+2}
 46388 | Vaults:5 | Identified the +3 plate armour of Fosmuit {Harm Rampage rF-
                  | rCorr}
 46393 | Vaults:5 | Identified the +7 short sword of Lywkioq {drain, rC++ rN+
                  | rCorr Dex-4}
 46428 | Vaults:5 | Identified the +4 rapier of Biwauc {freeze, Int+3 Dex+2
                  | SInv}
 46583 | Vaults:5 | Identified the staff of poison "Ytumem" {rElec rPois Str-5
                  | Dex+3}
 46603 | Vaults:5 | Got a silver rune of Zot
 46730 | Vaults:5 | Identified the +6 glaive of Otsiuss {spect, rPois Will-
                  | Dex+4}
 46919 | Vaults:5 | Identified the +10 spear of the Globe {holy, *Corrode rN+
                  | Str+9 Int-3}
 47648 | Tomb:1   | Bought a book of Annihilations for 1080 gold pieces
 47659 | Tomb:1   | Learned a level 9 spell: Shatter
 48242 | Tomb:1   | Noticed a royal mummy
 48251 | Tomb:1   | Noticed a royal mummy
 48259 | Tomb:1   | Killed a royal mummy
 48264 | Tomb:1   | Killed a royal mummy
 48317 | Tomb:1   | Noticed a royal mummy
 48381 | Tomb:1   | Killed a royal mummy
 48421 | Tomb:1   | Noticed a royal mummy
 48422 | Tomb:1   | Noticed a royal mummy
 48459 | Tomb:1   | Killed a royal mummy
 48467 | Tomb:1   | Killed a royal mummy
 48579 | Tomb:1   | Noticed a royal mummy
 48581 | Tomb:1   | Noticed a royal mummy
 48587 | Tomb:1   | Killed a royal mummy
 48599 | Tomb:1   | Killed a royal mummy
 48696 | Tomb:1   | Noticed a royal mummy
 48704 | Tomb:1   | Killed a royal mummy
 48713 | Tomb:1   | Noticed a royal mummy
 48721 | Tomb:1   | Killed a royal mummy
 48752 | Tomb:1   | Noticed a royal mummy
 48781 | Tomb:1   | Killed a royal mummy
 48782 | Tomb:1   | Reached XP level 27. HP: 73/177 MP: 29/40
 48783 | Tomb:1   | Noticed a royal mummy
 48934 | Tomb:1   | Noticed a royal mummy
 48981 | Tomb:1   | Killed a royal mummy
 48982 | Tomb:1   | Reached skill level 23 in Earth Magic
 48983 | Tomb:1   | Killed a royal mummy
 49033 | Tomb:1   | Noticed a royal mummy
 49043 | Tomb:1   | Killed a royal mummy
 49839 | Tomb:2   | Noticed a royal mummy
 49839 | Tomb:2   | Noticed a royal mummy
 49839 | Tomb:2   | Noticed a royal mummy
 49841 | Tomb:2   | Noticed a royal mummy
 49845 | Tomb:2   | Killed a royal mummy
 49854 | Tomb:2   | Killed a royal mummy
 49855 | Tomb:2   | Reached skill level 24 in Earth Magic
 49859 | Tomb:2   | Killed a royal mummy
 49859 | Tomb:2   | Killed a royal mummy
 50130 | Tomb:2   | Identified the ring "Ruos" {rF+ Slay+4}
 50364 | Tomb:2   | Reached skill level 25 in Earth Magic
 50852 | Tomb:3   | Entered Level 3 of the Tomb of the Ancients
 50872 | Tomb:3   | Reached skill level 26 in Earth Magic
 50872 | Tomb:3   | Noticed a royal mummy
 50876 | Tomb:3   | Noticed a royal mummy
 50877 | Tomb:3   | Noticed a royal mummy
 50878 | Tomb:3   | Noticed a royal mummy
 50879 | Tomb:3   | Noticed a royal mummy
 50880 | Tomb:3   | Noticed a royal mummy
 50881 | Tomb:3   | Killed a royal mummy
 50883 | Tomb:3   | Killed a royal mummy
 50883 | Tomb:3   | Killed a royal mummy
 50883 | Tomb:3   | Killed a royal mummy
 50883 | Tomb:3   | Killed a royal mummy
 50887 | Tomb:3   | Noticed a royal mummy
 50892 | Tomb:3   | Killed a royal mummy
 50893 | Tomb:3   | Reached skill level 27 in Earth Magic
 50900 | Tomb:3   | Noticed a royal mummy
 50916 | Tomb:3   | Noticed a royal mummy
 51042 | Tomb:3   | Killed a royal mummy
 51046 | Tomb:3   | Killed a royal mummy
 51100 | Tomb:3   | Killed a royal mummy
 51292 | Tomb:3   | Identified the ring of Foytwoacs {Fire rPois Will+ Int+3
                  | Stlth-}
 51328 | Tomb:3   | Got the Atlas of the Morgue
 51345 | Tomb:3   | Identified the +0 chain mail "Jiest" {rF+ Will+ Slay-5}
 51351 | Tomb:3   | Got the Vellum of Poisoning
 51519 | Tomb:3   | Identified the +9 war axe of the Singing Whale {venom,
                  | +Blink Fly rF- Dex+3}
 51521 | Tomb:3   | Identified the +2 pair of boots of Brilliance {rElec rPois
                  | rCorr Stlth-}
 51523 | Tomb:3   | Identified the +7 rapier of Lethutom {heavy, Str+3}
 51527 | Tomb:3   | Identified the +8 rapier of the Devouring Wolf {flame,
                  | Will+ Dex+3 Stlth+}
 51530 | Tomb:3   | Identified the staff of air "Moidaun" {+Blink rElec rC-
                  | rN+++ Int+2}
 51534 | Tomb:3   | Identified the staff of air "Vosir" {rElec rPois rN+}
 51548 | Tomb:3   | Identified the +0 plate armour "Jeure" {Str+3}
 51651 | Tomb:3   | Got a golden rune of Zot
 52057 | D:15     | Acquired 1242 gold pieces
 52155 | Zig:1    | Entered Level 1 of a ziggurat
 52190 | Zig:2    | Entered Level 2 of a ziggurat
 52208 | Zig:2    | Identified the staff of poison "Yhorex" {rPois rF+ rCorr
                  | Int+3}
 52263 | Zig:3    | Entered Level 3 of a ziggurat
 52282 | Zig:3    | Identified the +0 robe "Roeczoisk" {Fly}
 52322 | Zig:4    | Entered Level 4 of a ziggurat
 52338 | Zig:4    | Identified the ring "Paidinog" {Ice Int+3 Dex+2 Slay+2}
 52355 | Zig:5    | Entered Level 5 of a ziggurat
 52375 | Zig:5    | Reached skill level 15 in Spellcasting
 52392 | Zig:5    | Identified the +6 chain mail of Resilience {Int+3}
 52395 | Zig:5    | Identified the +8 rapier of Woe {venom, rN+}
 52396 | Zig:5    | Identified the +7 war axe of Resumed Hostilities {heavy,
                  | rN+ Will+ Str+3 Stlth-}
 52427 | Zig:6    | Entered Level 6 of a ziggurat
 52439 | Zig:6    | Identified the ring "Gob Wyesm" {rCorr AC+4}
 52444 | Zig:6    | Identified the amulet "Annawn" {+Blink Regen+ Str+3}
 52520 | Zig:7    | Entered Level 7 of a ziggurat
 52592 | Zig:7    | Identified the +1 short sword of the Enemy {drain, rF+}
 52597 | Zig:7    | Got Sif Muna's Folio of Toxicity and the Switch
 52676 | Zig:8    | Entered Level 8 of a ziggurat
 52713 | Zig:8    | Identified the staff of earth "Sobrizenn" {rC++ Int+3
                  | Stlth+}
 52742 | Zig:9    | Entered Level 9 of a ziggurat
 52787 | Zig:9    | Identified the amulet of Disaster {Faith Regen+ Int+4}
 52791 | Zig:9    | Identified the +4 plate armour of Liniyphi {Str+4}
 52799 | Zig:9    | Identified the ring "Xaxt" {rF++ Int+4 SInv}
 52843 | Zig:9    | Lost mutation: You are frail. (-10% HP) [potion of
                  | mutation]
 52843 | Zig:9    | Lost mutation: Your flesh is heat resistant. (rF+) [potion
                  | of mutation]
 52843 | Zig:9    | Gained mutation: You have hidden genetic potential. [potion
                  | of mutation]
 52843 | Zig:9    | Gained mutation: Your flesh is cold resistant. (rC+)
                  | [potion of mutation]
 52844 | Zig:9    | Lost mutation: You have hidden genetic potential. [potion
                  | of mutation]
 52844 | Zig:9    | Lost mutation: Your flesh is cold resistant. (rC+) [potion
                  | of mutation]
 52844 | Zig:9    | Gained mutation: You occasionally lose the ability to read
                  | scrolls when taking damage. [potion of mutation]
 52844 | Zig:9    | Gained mutation: Your natural rate of healing is unusually
                  | fast. [potion of mutation]
 52844 | Zig:9    | Gained mutation: Your body sometimes deteriorates upon
                  | taking damage. [potion of mutation]
 52844 | Zig:9    | Gained mutation: You are agile. (Dex +4, Str/Int -1)
                  | [potion of mutation]
 52845 | Zig:9    | Lost mutation: Your natural rate of healing is unusually
                  | fast. [potion of mutation]
 52845 | Zig:9    | Lost mutation: You occasionally lose the ability to read
                  | scrolls when taking damage. [potion of mutation]
 52845 | Zig:9    | Lost mutation: You are agile. (Dex +4, Str/Int -1) [potion
                  | of mutation]
 52845 | Zig:9    | Gained mutation: You are agile. (Dex +4, Str/Int -1)
                  | [potion of mutation]
 52846 | Zig:9    | Lost mutation: Your body sometimes deteriorates upon taking
                  | damage. [potion of mutation]
 52846 | Zig:9    | Lost mutation: You are agile. (Dex +4, Str/Int -1) [potion
                  | of mutation]
 52846 | Zig:9    | Gained mutation: You expend magic power (3 MP) to
                  | strengthen your wands. [potion of mutation]
 52846 | Zig:9    | Gained mutation: Your flesh is heat resistant. (rF+)
                  | [potion of mutation]
 52859 | Zig:10   | Entered Level 10 of a ziggurat
 52896 | Zig:10   | Noticed Xuhimp the pandemonium lord
 52897 | Zig:10   | Noticed Maoprib the pandemonium lord
 52912 | Zig:10   | Noticed Beupaam the pandemonium lord
 52925 | Zig:10   | Killed Beupaam the pandemonium lord
 52940 | Zig:10   | Killed Maoprib the pandemonium lord
 52944 | Zig:10   | Killed Xuhimp the pandemonium lord
 53033 | Zig:11   | Entered Level 11 of a ziggurat
 53082 | Zig:11   | Noticed an ancient lich
 53090 | Zig:11   | Killed an ancient lich
 53167 | Zig:11   | Identified the +8 chain mail of the Thieving Gods {*Corrode
                  | Drain +Inv Int+6}
 53173 | Zig:11   | Identified the +7 spear of the Keeping Whale {flame, *Noise
                  | Fly rN+ Dex+3}
 53176 | Zig:11   | Identified the +3 sling of Honesty {drain, rPois rF+++
                  | Will- Dex-3}
 53251 | Zig:12   | Entered Level 12 of a ziggurat
 53330 | Zig:12   | Identified the amulet "Vaomm" {Spirit rPois Str+4}
 53340 | Zig:12   | Identified the ring of Uskayaw's Supremacy {rF+ MP+9 Int+2}
 53352 | Zig:12   | Identified the +6 dire flail of Arrival {vamp, rElec}
 53394 | Zig:12   | Identified the +1 helmet "Anubamust" {Rampage rF++ rN+
                  | Str-5}
 53409 | Zig:12   | Learned a level 9 spell: Polar Vortex
 53410 | Zig:13   | Entered Level 13 of a ziggurat
 53433 | Zig:13   | Reached skill level 15 in Ice Magic
 53496 | Zig:13   | Got the Exposition on Forms
 53502 | Zig:13   | Identified the +1 leather armour of Integrity {-Tele Harm
                  | rN++ Str+3}
 53566 | Zig:14   | Entered Level 14 of a ziggurat
 53622 | Zig:14   | Noticed an ancient lich
 53634 | Zig:14   | HP: 1/197 [Hell Sentinel/damnation (60)]
 53634 | Zig:14   | Killed from afar by a Hell Sentinel

Illustrated notes

Levels and vault maps discovered:
D:1:      dpeg_arrival_shrine, layout_basic, ebering_ecumenical_altar_petrified,
          minivault_26, minmay_strange_pillars
D:2:      minmay_angry_zag, layout_loops_cross
D:3:      layout_basic, serial_shops, shop_coins, nicolae_shop_tiny_waterfront,
          shop, nicolae_shop_tiny_waterfront, uniq_ijyb, uniq_robin
D:4:      layout_cave_pools, grunt_gozag_breadcrumbs
D:5:      layout_basic, lemuel_round_altar, lemuel_round_altar, temple_statues,
          uniq_eustachio
D:6:      layout_basic, mainiacjoe_overflow_alcove_2, uniq_pikel
D:7:      layout_gridville
D:8:      layout_cave_pools, mainiacjoe_overflow_large_starburst,
          nicolae_ossuary_entry_catacombs, hangedman_abyss_or_decor_lesser_grid
D:9:      layout_stronghold, nicolae_qazlal_style_of_elements,
          mainiacjoe_overflow_small_starburst, david_orc_2, serial_shops,
          nicolae_shop_competitors_out_of_business
D:10:     layout_loops_ring, kennysheep_mini_moat, lemuel_tele_altar,
          uniq_maggie
D:11:     layout_loops_ring, david_lair_shrubbed, fungi_pond_lemuel
D:12:     layout_irregular_city, uniq_snorg, uniq_rupert
D:13:     layout_cave_pools, minmay_radiant
D:14:     layout_small_grid, grunt_vaults_entry_tiered, gauntlet_entry_generic
D:15:     hangedman_depths_entry_try_elsewhere_first, layout_stronghold,
          chequers_arboretum, cheibrodos_ashenzari_chains, uniq_josephine
Temple:   nicolae_temple_godzebo
Lair:1:   layout_loops_ring
Lair:2:   layout_cave_pods, skrybe_swamp_entry_bodies,
          chequers_serial_rivers_large_b, chequers_serial_rivers_room_a
Lair:3:   layout_chaotic_city, minmay_snake_entry_six_corridors,
          lemuel_fruit_tree, grunt_megastairs_4
Lair:4:   layout_gridlike
Lair:5:   minmay_lair_end_frog_pond, layout_loops_ring, slime_entry_1,
          grunt_forest_stairs_basic, st_stairs_6, minivault_19, minivault_26
Swamp:1:  layout_basic_swamp, evilmike_swamp_ruin_house_1, uniq_kirke,
          uniq_mlioglotl
Swamp:2:  layout_basic_swamp, infiniplex_staircase_pool_2
Swamp:3:  layout_falls_marsh, hangedman_swamp_ruin_wall
Swamp:4:  swamp, layout_basic_swamp, uniq_bai_suzhen, uniq_donald
Snake:1:  nicolae_snake_unarmed_stairs_patrol, layout_cave_shapes,
          hellmonk_ghost_happy_afterlife, grunt_megastairs_1
Snake:2:  layout_honeycomb, statue_in_the_mist_lemuel, grunt_megastairs_2
Snake:3:  layout_grid_shapes, ebering_ghost_gozag, minmay_shop_star
Snake:4:  grunt_snake_rune_pools, layout_misc_corridors, hangedman_venom_bottle,
          minmay_shoptagon
Orc:1:    layout_diamond_mine
Orc:2:    st_orc_town, layout_caves, david_defended_altar_orc
Elf:1:    eino_elf_arrival_the_gate, layout_loops_ring, serial_shops, shop,
          serial_aquarium, aquarium_bridge_straight [aquarium_subvault_bridge,
          aquarium_subvault_wall, aquarium_subvault_bridge,
          aquarium_subvault_wall], aquarium_window_1,
          aquarium_window_corridor_1, aquarium_view_2c, aquarium_pool_corner,
          basic_altar, kennysheep_underground_church
Elf:2:    nicolae_elf_blades_crystal_corner, layout_gridlike,
          infiniplex_enter_wizlab_spiral
Elf:3:    minmay_elf_hall_circle, layout_gridlike, nicolae_nh_oracle_at_delphi
Vaults:1: nicolae_vaults_windows_and_doors_thing, nicolae_vaults_network_star,
          nicolae_vaults_apartment_2, v_pattern_4, nicolae_vaults_puzzle_piece,
          nicolae_vaults_weapon_check, nicolae_vaults_ring_of_whatevers,
          nicolae_vaults_house_3, nicolae_vaults_hexular_roomagon,
          nicolae_vaults_holding_cells, vaults_room_grunt_arrival_checkpoint,
          layout_vaults_omnibox, uniq_aizul, uniq_saint_roka
Vaults:2: nicolae_vaults_more_shelving_1, nicolae_vaults_network_quinsquares
          [nicolae_vaults_network_quincunx_subvault,
          nicolae_vaults_network_quincunx_subvault,
          nicolae_vaults_network_quincunx_subvault,
          nicolae_vaults_network_quincunx_subvault],
          nicolae_vaults_twisting_passages, nicolae_vaults_stepped_doors,
          v_misc_18, nicolae_vaults_wine_cellar,
          minmay_crypt_entry_simple_statues, vaults_room_door_ring,
          nicolae_vaults_variable_pillar_hall_cross, layout_vaults_quadrants,
          serial_shops, shop
Vaults:3: nicolae_vaults_an_arrangement, nicolae_vaults_storage_closets_3,
          nicolae_vaults_network_periphery, grunt_vaults_hallway_short,
          nicolae_vaults_more_shelving_2, nicolae_vaults_alarming,
          nicolae_vaults_trapezoid_lopsided_3, hangedman_vaults_cutoff,
          ontoclasm_vaults_chip, layout_vaults_big_room, serial_glass,
          uniq_mara, uniq_jory
Vaults:4: nicolae_vaults_turnstiles, nicolae_vaults_closet_pinwheel_2,
          nicolae_vaults_heist, hangedman_vaults_locks, grunt_vaults_focal,
          v_rooms_4, grunt_vaults_bifocal, v_rooms_4, ontoclasm_vaults_gallery,
          layout_vaults_ring
Vaults:5: serial_shops, uniq_margery
Crypt:1:  layout_misc_corridors, grunt_ministairs_6, minivault_5,
          palyth_stone_intersect
Crypt:2:  layout_misc_corridors
Crypt:3:  david_glass_crypt, layout_rooms, tomb_entry_simple_bobbens,
          grunt_ministairs_12, nzn_life_drinkers
Tomb:1
Tomb:2
Tomb:3
Zig:14

Skill      XL: |  1  2  3  4  5  6  7  8  9 10 11 12 13 14 15 16 17 18 19 20 21 22 23 24 25 26 27 |
---------------+----------------------------------------------------------------------------------+-----
Dodging        | 2 3 4 5 6 7 8 9 |  9.0
Fighting       | 1 2 3 4 5 6 7 8 9 10 11 12 | 12.0
Armour         | 1 2 3 4 5 6 7 8 9 10 11 12 | 12.0
Stealth        | 3 7 8 |  8.0
Conjurations   | 4 5 8 |  8.0
Spellcasting   | 3 4 7 8 9 10 11 12 13 16 | 16.0
Necromancy     | 1 2 3 5 6 7 11 12 13 14 16 18 19 21 22 | 22.0
Ice Magic      | 1 6 8 9 11 12 15 | 15.8
Shields        | 7 10 11 12 13 14 15 | 15.0
Earth Magic    | 10 12 13 14 15 17 19 21 22 27 | 27.0
Transmutations | 4 11 14 18 22 | 22.0
Polearms       | 5 |  5.7

Action                     |  1- 3 |  4- 6 |  7- 9 | 10-12 | 13-15 | 16-18 | 19-21 | 22-24 | 25-27 || total
---------------------------+-------+-------+-------+-------+-------+-------+-------+-------+-------++-------
  Melee: Dagger            |    41 |    83 |    73 |       |   479 |   114 |       |       |       ||   790
         Short sword       |    22 |       |       |   879 |    89 |       |       |       |       ||   990
         Punch             |       |     2 |     2 |     3 |       |       |       |       |       ||     7
         Spear             |       |       |   108 |   112 |       |       |       |       |       ||   220
         Flail             |       |       |       |     7 |       |       |       |       |       ||     7
         War axe           |       |       |       |       |       |   294 |   426 |   380 |       ||  1100
         Whip              |       |       |       |       |       |       |       |     1 |       ||     1
         Kick              |       |       |       |       |       |       |       |    54 |       ||    54
         Lance             |       |       |       |       |       |       |       |   262 |   415 ||   677
         Great mace        |       |       |       |       |       |       |       |       |    95 ||    95
         Bo                |       |       |       |       |       |       |       |       |    72 ||    72
   Fire: Longbow           |       |       |       |       |     7 |       |       |    21 |       ||    28
         Shortbow          |       |       |       |       |       |     6 |    78 |    12 |       ||    96
   Cast: Magic Dart        |    27 |     6 |     2 |     1 |       |       |       |       |       ||    36
         Searing Ray       |     4 |    17 |    38 |    71 |    21 |       |       |       |       ||   151
         Sublimation of Bl |       |       |       |    11 |    14 |    14 |     9 |     4 |    16 ||    68
         Frozen Ramparts   |       |       |       |    55 |    81 |    36 |    29 |    18 |     7 ||   226
         Borgnjor's Vile C |       |       |       |       |    96 |   278 |   336 |   346 |   321 ||  1377
         Dispel Undead     |       |       |       |       |       |       |       |    87 |    81 ||   168
         Statue Form       |       |       |       |       |       |       |       |    13 |     4 ||    17
         Iron Shot         |       |       |       |       |       |       |       |     1 |    37 ||    38
         Necromutation     |       |       |       |       |       |       |       |       |    83 ||    83
         Shatter           |       |       |       |       |       |       |       |       |    76 ||    76
 Invoke: Receive Forbidden |       |       |       |     1 |       |       |       |       |       ||     1
         Renounce Religion |       |       |       |     1 |       |       |       |       |       ||     1
         Potion Petition   |       |       |       |       |       |     1 |     1 |     2 |     3 ||     7
         Call Merchant     |       |       |       |       |       |       |       |       |     7 ||     7
Ability: Shaft Self        |       |       |       |     4 |       |     2 |       |       |       ||     6
         Dig               |       |       |       |     1 |     1 |     6 |     5 |    16 |     2 ||    31
         End Transformatio |       |       |       |       |       |       |       |       |     8 ||     8
  Evoke: Figurine of a zig |       |       |       |       |       |       |       |       |     1 ||     1
    Use: Potion            |       |     1 |       |       |     2 |     6 |     3 |     4 |     9 ||    25
         Scroll            |       |       |       |     9 |     8 |     9 |     4 |    10 |     6 ||    46
   Stab: Sleeping          |     1 |     9 |     1 |     1 |       |       |     1 |     4 |       ||    17
         Distracted        |       |       |       |     4 |     1 |     1 |     1 |     6 |     4 ||    17
         Invisible         |       |       |       |       |       |       |       |       |     1 ||     1
 Armour: Robe              |    13 |    25 |    52 |       |       |       |       |       |       ||    90
         Ring mail         |       |       |   104 |   387 |   257 |   318 |   434 |   236 |   477 ||  2213
         Skin              |       |       |       |       |       |       |       |   158 |    84 ||   242
  Dodge: Dodged            |    48 |    61 |   164 |   428 |   306 |   347 |   396 |   368 |   604 ||  2722
  Block: Kite shield       |       |       |       |   459 |   503 |   601 |       |       |       ||  1563
         Tower shield      |       |       |       |       |       |    88 |   804 |   915 |  1270 ||  3077
